 Dungeon Crawl Stone Soup version 0.13-a0-2527-g93fcdc4 (webtiles) character file.

708 M4edhros the Covert (level 7, 0/40 (44) HPs)
             Began as an Octopode Artificer on July 19, 2013.
             Incinerated by Bruce's ghost (3 damage)
             ... with a sticky flame
             ... on Level 5 of the Dungeon on July 25, 2013.
             The game lasted 00:08:50 (4328 turns).

M4edhros the Covert (Octopode Artificer)            Turns: 4328, Time: 00:08:50

HP   0/40 (44)   AC  1     Str 11      XL: 7   Next: 33%
MP  10/10        EV 12     Int 16      God:
Gold 141         SH  0     Dex 12      Spells:  0 memorised,  6 levels left

Res.Fire  : . . .   See Invis. : .   x - +1 orc short sword (venom)
Res.Cold  : . . .   Warding    : .   (no shield)
Life Prot.: . . .   Conserve   : .   v - +0 cap
Res.Poison: .       Res.Corr.  : .   (no amulet)
Res.Elec. : .       Clarity    : .   (no ring)
Sust.Abil.: . .     Spirit.Shd : .   (no ring)
Res.Mut.  : .       Stasis     : .   (no ring)
Res.Rott. : .       Flight     : .   (no ring)
Saprovore : . . .                    (no ring)
                                     (no ring)
                                     (no ring)
                                     (no ring)

@: liquid flames, glowing, slightly resistant to hostile enchantments, stealthy
A: almost no armour, amphibious, 8 rings, constrict 8, camouflage 1, AC +1
a: no special abilities


You were on level 5 of the Dungeon.
You were hungry.

You visited 1 branch of the dungeon, and saw 5 of its levels.
You also visited: Ossuary.

You collected 121 gold pieces.

Inventory:

Hand weapons
 p - a +0,+0 sling
 x - a +1,+1 orcish short sword of venom (weapon)
Missiles
 q - 18 stones (quivered)
 t - 7 sling bullets
Armour
 v - a +0 cap (worn)
Magical devices
 b - a wand of flame (0)
 c - a wand of enslavement (0)
 d - a wand of random effects (14)
Comestibles
 z - a bread ration
Scrolls
 a - 2 scrolls of blinking {unknown}
 i - a scroll of identify {unknown}
 k - a scroll of remove curse {unknown}
 l - a scroll of curse jewellery {unknown}
 y - a scroll of enchant weapon II {unknown}
Jewellery
 h - a cursed ring of magical power {unknown}
 j - a cursed amulet of inaccuracy {unknown}
 n - an uncursed ring of protection from fire {unknown}
 u - an uncursed ring of protection from cold {unknown}
Potions
 m - a potion of poison
 o - a potion of decay


   Skills:
 - Level 1.0 Fighting
 + Level 4.2 Short Blades
 - Level 2.0 Dodging
 * Level 9.0 Stealth
 - Level 3.2 Evocations


You had 6 spell levels left.
You didn't know any spells.

Dungeon Overview and Level Annotations

Branches:
Dungeon (5/27)
 Temple: D:4-7

Altars:
Kikubaaqudgha

Annotations
D:4 Pikel
D:5 Bruce's ghost, experienced DEFE


Innate Abilities, Weirdness & Mutations

You cannot wear most types of armour.
You are amphibious.
You can wear up to eight rings at the same time.
You can use your tentacles to constrict many enemies at once.
Your skin changes colour to match your surroundings (Stlth).
Your rubbery body absorbs attacks (AC +1).


Message History

Drink which item? (? for menu, Esc to quit)
You feel better.
You are covered in liquid flames!
Your scroll labeled TYASTE PNUCS catches fire!
One of your 2 scrolls labeled DIUFUTTAESA catches fire!
* * * LOW HITPOINT WARNING * * *
Bruce's ghost sprays you with burning goo.
The sticky flame hits you!
You are covered in liquid flames!
* * * LOW HITPOINT WARNING * * *
Evoke which item? (* to show all) (? for menu, Esc to quit)
Zapping:
d - a wand of random effects (15)
Press: ? - help, Shift-Dir - straight line, f/p - Bruce's ghost
Aim: Bruce's ghost (heavily damaged)
The puff of frost misses Bruce's ghost.
The puff of frost misses the kobold.
This wand has 14 charges left.
You are covered in liquid flames!
Your scroll labeled JETIPN TAFRO catches fire!
One of your 2 scrolls labeled EROILEIFFI catches fire!
You die...

......# ...
......##### ....#
..........# ...
......###.# ...
......# #.# ...
......# #.# #.#
......###.# #K#
..........# #p#
###.......# #@#
#.......# #.#
#.......######.#
.................#
###.......########
##..###.# #..# #.#
#.. #.# . #.#


You could see Bruce's ghost and a kobold.

Vanquished Creatures
  A slave (D:4)
  3 human zombies (Ossuary)
  3 elf zombies (Ossuary)
  3 centaur zombies (Ossuary)
  A crimson imp (D:2)
  5 orc wizards (D:4)
  2 worker ants
  2 mummies (Ossuary)
  4 adders
  3 gnolls (D:4)
  4 worms
  An adder skeleton (D:4)
  5 giant geckos
  6 orcs (D:4)
  A bat skeleton (D:4)
  2 giant cockroaches (D:2)
  6 goblins
  7 hobgoblins
  A jackal (D:2)
  A ball python (D:5)
  6 bats
  4 giant newts
  A goblin skeleton (D:5)
  7 kobolds
  An orc skeleton (D:5)
  A quokka (D:2)
  8 rats
  A rat skeleton (D:4)
90 creatures vanquished.

Vanquished Creatures (collateral kills)
  A centaur zombie (Ossuary)
  A mummy (Ossuary)
  An orc (D:4)
  2 human zombies (Ossuary)
5 creatures vanquished.

Grand Total: 95 creatures vanquished

Notes
Turn   | Place    | Note
--------------------------------------------------------------
     0 | D:1      | M4edhros, the Octopode Artificer, began the quest for the Orb.
     0 | D:1      | Reached XP level 1. HP: 14/14 MP: 1/1
   123 | D:1      | Reached XP level 2. HP: 8/19 MP: 3/3
  1065 | D:3      | Reached XP level 3. HP: 15/24 MP: 4/4
  1084 | D:2      | Reached skill level 4 in Stealth
  1084 | D:2      | Reached XP level 4. HP: 8/29 MP: 6/6
  1447 | D:2      | Reached skill level 5 in Stealth
  1886 | D:4      | Found an ancient bone altar of Kikubaaqudgha.
  1914 | D:4      | Noticed a slave
  1915 | D:4      | Noticed a slave
  1916 | D:4      | Noticed Pikel
  1916 | D:4      | Noticed a slave
  1941 | D:4      | a slave (ally) was killed
  1984 | D:4      | Reached XP level 5. HP: 18/34 MP: 7/7
  2000 | D:4      | Reached skill level 6 in Stealth
  2038 | D:4      | Found a sand-covered staircase.
  2048 | Ossuary  | Entered an ossuary
  2446 | Ossuary  | Reached skill level 7 in Stealth
  2446 | Ossuary  | Reached XP level 6. HP: 10/39 MP: 9/9
  2907 | Ossuary  | Reached skill level 8 in Stealth
  3481 | D:4      | Reached XP level 7. HP: 20/44 MP: 10/10
  3502 | D:4      | Upgraded the game from 0.13-a0-2477-geaae114 to 0.13-a0-2527-g93fcdc4
  4077 | D:5      | Entered Level 5 of the Dungeon
  4261 | D:5      | Reached skill level 9 in Stealth
  4313 | D:5      | Noticed Bruce's ghost (experienced DEFE)
  4328 | D:5      | Incinerated by Bruce's ghost

Action                   |  1- 3 |  4- 6 |  7- 9 || total
-------------------------+-------+-------+-------++-------
Melee: Short sword       |    52 |   106 |    61 ||   219
Evoke: Wand              |     2 |    27 |     2 ||    31
  Use: Potion            |     1 |     1 |     9 ||    11
 Stab: Sleeping          |     2 |    10 |     6 ||    18
